| TOP OF THE 1ST |
|
Cincinnati Reds batting - Pitching for Milwaukee Brewers : LHP Lewis Thorpe Jr.
|
|
Pitching: LHP Lewis Thorpe Jr.
|
|
|
Batting: RHB Willie Lazcano
|
0-0: Foul Ball, location: 2F 0-1: Ball 1-1: Ball 2-1: Ball 3-1: Base on Balls
|
|
Batting: SHB Jun Tsuda
|
0-0: Ball 1-0: Ball 2-0: DOUBLE (Line Drive, 9LM, EV 110.6 MPH) Willie Lazcano to third
|
|
Batting: LHB Chris Grunwald
|
0-0: Called Strike 0-1: Ground out 1-3 (Groundball, P, EV 71.2 MPH)
|
|
Batting: SHB Dave Barefoot
|
0-0: Ball 1-0: SINGLE (Flyball, 8RS, EV 93.8 MPH) Willie Lazcano scores Jun Tsuda to third
|
|
Batting: RHB Fred Slade
|
0-0: SINGLE (Groundball, 25, EV 71.2 MPH) (infield hit) Dave Barefoot to second
|
|
Batting: RHB Steve Castleberry
|
0-0: Ball 1-0: Called Strike 1-1: Ball 2-1: Swinging Strike 2-2: Strikes out swinging
|
|
Batting: RHB Tony Casas
|
0-0: Foul Ball, location: 2F 0-1: Ball 1-1: Fly out, F8 (Flyball, 89D, EV 98.1 MPH)
|
| Top of the 1st over - 1 run, 3 hits, 0 errors, 3 left on base; Cincinnati 1 - Milwaukee 0 |
| BOTTOM OF THE 1ST |
|
Milwaukee Brewers batting - Pitching for Cincinnati Reds : RHP Timmy John Aaron-Lee Frank Silveira
|
|
Pitching: RHP Timmy John Aaron-Lee Frank Silveira
|
|
|
Batting: LHB Jason Peck
|
0-0: Ball 1-0: Called Strike 1-1: Ground out 5-3 (Groundball, 5, EV 94.4 MPH)
|
|
Batting: RHB Akitada Nishizawa
|
0-0: Called Strike 0-1: Ground out 5-3 (Groundball, 56, EV 89.4 MPH)
|
|
Batting: RHB Joel Haycock
|
0-0: Ball 1-0: SINGLE (Line Drive, 9S, EV 90.0 MPH)
|
|
Batting: LHB Eric Klasek
|
0-0: Ball 1-0: Ball 2-0: Ball 3-0: Base on Balls Joel Haycock to second
|
|
Batting: SHB Junzo Kato
|
0-0: Ball 1-0: Called Strike 1-1: Ball 2-1: Fly out, F8 (Flyball, 8RM, EV 90.6 MPH)
|
| Bottom of the 1st over - 0 runs, 1 hit, 0 errors, 2 left on base; Cincinnati 1 - Milwaukee 0 |
| TOP OF THE 2ND |
|
Cincinnati Reds batting - Pitching for Milwaukee Brewers : LHP Lewis Thorpe Jr.
|
|
Batting: RHB Omar Quintana
|
0-0: Ball 1-0: Ball 2-0: Ball 3-0: Called Strike 3-1: Called Strike 3-2: Fly out, F8 (Flyball, 8RS, EV 89.4 MPH)
|
|
Batting: RHB Bruno André
|
0-0: Ball 1-0: Swinging Strike 1-1: Ground out 5-3 (Groundball, 56S, EV 88.8 MPH)
|
|
Batting: RHB Willie Lazcano
|
0-0: Ground out 5-3 (Groundball, 56S, EV 89.4 MPH)
|
| Top of the 2nd over - 0 runs, 0 hits, 0 errors, 0 left on base; Cincinnati 1 - Milwaukee 0 |
| BOTTOM OF THE 2ND |
|
Milwaukee Brewers batting - Pitching for Cincinnati Reds : RHP Timmy John Aaron-Lee Frank Silveira
|
|
Batting: SHB Lewis Thorpe Jr.
|
0-0: Foul Ball, location: 2F 0-1: Foul Ball, location: 2F 0-2: Ball 1-2: Strikes out swinging
|
|
Batting: RHB Daniel Donovan
|
0-0: Fly out, F8 (Flyball, 8RXD, EV 94.4 MPH)
|
|
Batting: RHB Kisho Ito
|
0-0: Ball 1-0: Fly out, F4 (Popup, 34S, EV 78.1 MPH)
|
| Bottom of the 2nd over - 0 runs, 0 hits, 0 errors, 0 left on base; Cincinnati 1 - Milwaukee 0 |
| TOP OF THE 3RD |
|
Cincinnati Reds batting - Pitching for Milwaukee Brewers : LHP Lewis Thorpe Jr.
|
|
Batting: SHB Jun Tsuda
|
0-0: Called Strike 0-1: Ball 1-1: TRIPLE (Line Drive, 78XD, EV 111.2 MPH)
|
|
Batting: LHB Chris Grunwald
|
0-0: Called Strike 0-1: Foul Ball, location: 2F 0-2: Foul Ball, location: 2F 0-2: Strikes out looking
|
|
Batting: SHB Dave Barefoot
|
0-0: Called Strike 0-1: Ball 1-1: Ball 2-1: Foul Ball, location: 2F 2-2: Foul Ball, location: 2F 2-2: Ball 3-2: Base on Balls
|
|
Batting: RHB Fred Slade
|
0-0: Ball 1-0: Foul Ball, location: 2F 1-1: Foul Ball, location: 2F 1-2: Ball 2-2: Foul Ball, location: 2F 2-2: Ball 3-2: Foul Ball, location: 2F 3-2: Foul Ball, location: 2F 3-2: SINGLE (Groundball, 4MD, EV 94.4 MPH) Jun Tsuda scores Dave Barefoot to second Runner from 2nd tries for 3rd, OUT! 8-5
|
|
Batting: RHB Steve Castleberry
|
0-0: Swinging Strike 0-1: Foul Ball, location: 2F 0-2: Ball 1-2: SINGLE (Line Drive, 3D, EV 105.0 MPH) Fred Slade to second
|
|
Batting: RHB Tony Casas
|
0-0: Called Strike 0-1: Swinging Strike 0-2: Ground out 6-3 (Groundball, 6S, EV 89.4 MPH)
|
| Top of the 3rd over - 1 run, 3 hits, 0 errors, 2 left on base; Cincinnati 2 - Milwaukee 0 |
| BOTTOM OF THE 3RD |
|
Milwaukee Brewers batting - Pitching for Cincinnati Reds : RHP Timmy John Aaron-Lee Frank Silveira
|
|
Batting: RHB Ben Campbell
|
0-0: Called Strike 0-1: Ball 1-1: Ball 2-1: Foul Ball, location: 2F 2-2: Foul Ball, location: 2F 2-2: DOUBLE (Groundball, 5L, EV 101.2 MPH)
|
|
Batting: LHB Jason Peck
|
0-0: Ball 1-0: Ball 2-0: Ball 3-0: Foul Ball, location: 2F 3-1: Called Strike 3-2: Base on Balls
|
|
Batting: RHB Akitada Nishizawa
|
0-0: Ball 1-0: Grounds into double play, 6-4-3 (Groundball, 6, EV 98.8 MPH) Ben Campbell to third
|
|
Batting: RHB Joel Haycock
|
0-0: Ball Wild Pitch! Ben Campbell scores 1-0: Ball 2-0: Ball 3-0: Called Strike 3-1: SINGLE (Flyball, 4D, EV 90.6 MPH)
|
|
Batting: LHB Eric Klasek
|
0-0: Ball 1-0: Ball 2-0: SINGLE (Groundball, 6S, EV 68.8 MPH) (infield hit) Joel Haycock to second
|
|
Batting: SHB Junzo Kato
|
0-0: Ball 1-0: Foul Ball, location: 2F 1-1: Fly out, F8 (Flyball, 8LXD, EV 90.0 MPH)
|
| Bottom of the 3rd over - 1 run, 3 hits, 0 errors, 2 left on base; Cincinnati 2 - Milwaukee 1 |
| TOP OF THE 4TH |
|
Cincinnati Reds batting - Pitching for Milwaukee Brewers : LHP Lewis Thorpe Jr.
|
|
Batting: RHB Omar Quintana
|
0-0: Called Strike 0-1: Foul Ball, location: 2F 0-2: Strikes out swinging
|
|
Batting: RHB Bruno André
|
0-0: Ground out 5-3 (Groundball, 5L, EV 101.2 MPH)
|
|
Batting: RHB Willie Lazcano
|
0-0: Ball 1-0: Ball 2-0: Ball 3-0: Called Strike 3-1: SOLO HOME RUN (Flyball, 7LD, EV 98.1 MPH), Distance : 371 ft
|
|
Batting: SHB Jun Tsuda
|
0-0: Ball 1-0: Foul Ball, location: 2F 1-1: Ball 2-1: Foul Ball, location: 2F 2-2: Strikes out swinging
|
| Top of the 4th over - 1 run, 1 hit, 0 errors, 0 left on base; Cincinnati 3 - Milwaukee 1 |
| BOTTOM OF THE 4TH |
|
Milwaukee Brewers batting - Pitching for Cincinnati Reds : RHP Timmy John Aaron-Lee Frank Silveira
|
|
Batting: SHB Lewis Thorpe Jr.
|
0-0: Ball 1-0: Called Strike 1-1: Foul Ball, location: 2F 1-2: Ball 2-2: Foul Ball, location: 2F 2-2: Ground out 4-3 (Groundball, 4M, EV 85.6 MPH)
|
|
Batting: RHB Daniel Donovan
|
0-0: Ball 1-0: Ball 2-0: Called Strike 2-1: Fly out, F8 (Flyball, 8RM, EV 83.1 MPH)
|
|
Batting: RHB Kisho Ito
|
0-0: Ball 1-0: Ball 2-0: Ball 3-0: Called Strike 3-1: Called Strike 3-2: Ground out 4-3 (Groundball, 4, EV 106.2 MPH)
|
| Bottom of the 4th over - 0 runs, 0 hits, 0 errors, 0 left on base; Cincinnati 3 - Milwaukee 1 |
| TOP OF THE 5TH |
|
Cincinnati Reds batting - Pitching for Milwaukee Brewers : LHP Lewis Thorpe Jr.
|
|
Batting: LHB Chris Grunwald
|
0-0: Called Strike 0-1: Foul Ball, location: 2F 0-2: Ball 1-2: Ball 2-2: Ball 3-2: Base on Balls
|
|
Pitching: LHP Danny Lawson
|
|
|
Batting: SHB Dave Barefoot
|
0-0: Ball 1-0: Ball 2-0: Called Strike 2-1: Foul Ball, location: 2F 2-2: Ball 3-2: Foul Ball, location: 2F 3-2: Foul Ball, location: 2F 3-2: Base on Balls Chris Grunwald to second
|
|
Batting: RHB Fred Slade
|
0-0: Ball 1-0: Foul Ball, location: 2F 1-1: Called Strike 1-2: Fly out, F9 (Flyball, 9D, EV 106.2 MPH) Runner from 2nd tags up, SAFE at 3rd, no throw by RF
|
|
Batting: RHB Steve Castleberry
|
0-0: Called Strike 0-1: Called Strike 0-2: Foul Ball, location: 2F 0-2: Ball 1-2: Ball 2-2: Strikes out swinging
|
|
Batting: RHB Tony Casas
|
0-0: Foul Ball, location: 2F 0-1: Called Strike 0-2: Ground out 4-3 (Groundball, 4D, EV 95.6 MPH)
|
| Top of the 5th over - 0 runs, 0 hits, 0 errors, 2 left on base; Cincinnati 3 - Milwaukee 1 |
| BOTTOM OF THE 5TH |
|
Milwaukee Brewers batting - Pitching for Cincinnati Reds : RHP Timmy John Aaron-Lee Frank Silveira
|
|
Batting: RHB Ben Campbell
|
0-0: Ball 1-0: Foul Ball, location: 2F 1-1: Swinging Strike 1-2: Foul Ball, location: 2F 1-2: Strikes out swinging
|
|
Batting: LHB Jason Peck
|
0-0: Called Strike 0-1: Swinging Strike 0-2: Ball 1-2: Ball 2-2: Foul Ball, location: 2F 2-2: Ball 3-2: Base on Balls
|
|
Batting: RHB Akitada Nishizawa
|
0-0: Called Strike 0-1: Foul Ball, location: 2F 0-2: SINGLE (Groundball, 4M, EV 100.6 MPH) (infield hit) Jason Peck to second
|
|
Batting: RHB Joel Haycock
|
0-0: Foul Ball, location: 2F 0-1: Ball 1-1: Foul Ball, location: 2F 1-2: Strikes out swinging
|
|
Batting: LHB Eric Klasek
|
0-0: Ball 1-0: SINGLE (Flyball, 34D, EV 90.0 MPH) Jason Peck to third Akitada Nishizawa to second Runner from 3rd tries for Home, SAFE, throw by RF to home
|
|
Batting: SHB Junzo Kato
|
0-0: Foul Ball, location: 2F 0-1: Called Strike 0-2: Strikes out swinging
|
| Bottom of the 5th over - 1 run, 2 hits, 0 errors, 2 left on base; Cincinnati 3 - Milwaukee 2 |
| TOP OF THE 6TH |
|
Cincinnati Reds batting - Pitching for Milwaukee Brewers : LHP Danny Lawson
|
|
Batting: RHB Omar Quintana
|
0-0: Called Strike 0-1: Ball 1-1: Swinging Strike 1-2: Ball 2-2: Ball 3-2: Strikes out looking
|
|
Batting: RHB Bruno André
|
0-0: Ball 1-0: Ball 2-0: Called Strike 2-1: Ball 3-1: Fly out, F7 (Flyball, 7D, EV 105.0 MPH)
|
|
Pitching: LHP Nick Martin
|
|
|
Batting: RHB Willie Lazcano
|
0-0: Called Strike 0-1: Called Strike 0-2: Ball 1-2: Strikes out swinging
|
| Top of the 6th over - 0 runs, 0 hits, 0 errors, 0 left on base; Cincinnati 3 - Milwaukee 2 |
| BOTTOM OF THE 6TH |
|
Milwaukee Brewers batting - Pitching for Cincinnati Reds : RHP Timmy John Aaron-Lee Frank Silveira
|
|
Batting: SHB Lewis Thorpe Jr.
|
0-0: Ball 1-0: Ground out U3 (Groundball, 3L, EV 106.2 MPH)
|
|
Batting: RHB Daniel Donovan
|
0-0: Foul Ball, location: 2F 0-1: Called Strike 0-2: Ball 1-2: Ball 2-2: Foul Ball, location: 2F 2-2: Foul Ball, location: 2F 2-2: Foul Ball, location: 2F 2-2: Ball 3-2: Base on Balls
|
|
Batting: RHB Kisho Ito
|
0-0: Ball 1-0: Ball 2-0: Ball 3-0: Base on Balls Daniel Donovan to second
|
|
Pitching: LHP Eddie Grape
|
|
|
Batting: RHB Ben Campbell
|
0-0: Ball 1-0: Called Strike 1-1: Ball 2-1: Fly out, F8 (Flyball, 8RM, EV 87.5 MPH)
|
|
Pinch Hitting: RHB Dave Gonzalez
|
0-0: Called Strike 0-1: Swinging Strike 0-2: Ball 1-2: Strikes out swinging
|
| Bottom of the 6th over - 0 runs, 0 hits, 0 errors, 2 left on base; Cincinnati 3 - Milwaukee 2 |
| TOP OF THE 7TH |
|
Cincinnati Reds batting - Pitching for Milwaukee Brewers : LHP Nick Martin
|
|
Now at 2B: Naofumi Ishida
|
|
|
Now at SS: Kisho Ito
|
|
|
Batting: SHB Jun Tsuda
|
0-0: Fly out, F7 (Flyball, 7LD, EV 101.2 MPH)
|
|
Batting: LHB Chris Grunwald
|
0-0: Ball 1-0: Called Strike 1-1: Called Strike 1-2: Strikes out swinging
|
|
Batting: SHB Dave Barefoot
|
0-0: Called Strike 0-1: Called Strike 0-2: Ball 1-2: Ball 2-2: SINGLE (Line Drive, 8LS, EV 111.2 MPH)
|
|
Batting: RHB Fred Slade
|
0-0: Called Strike 0-1: Foul Ball, location: 2F 0-2: Foul Ball, location: 2F 0-2: Ball 1-2: Foul Ball, location: 2F 1-2: SINGLE (Groundball, 13, EV 88.1 MPH) (infield hit) Dave Barefoot to second
|
|
Batting: RHB Steve Castleberry
|
0-0: Foul Ball, location: 2F 0-1: Ball 1-1: Called Strike 1-2: Strikes out looking
|
| Top of the 7th over - 0 runs, 2 hits, 0 errors, 2 left on base; Cincinnati 3 - Milwaukee 2 |
| BOTTOM OF THE 7TH |
|
Milwaukee Brewers batting - Pitching for Cincinnati Reds : LHP Eddie Grape
|
|
Batting: RHB Akitada Nishizawa
|
0-0: Ball 1-0: Ball 2-0: Ball 3-0: Called Strike 3-1: Called Strike 3-2: Ground out 6-3 (Groundball, 56, EV 98.8 MPH)
|
|
Batting: RHB Joel Haycock
|
0-0: Ball 1-0: Called Strike 1-1: Ball 2-1: Foul Ball, location: 2F 2-2: Strikes out looking
|
|
Batting: LHB Eric Klasek
|
0-0: Called Strike 0-1: Ball 1-1: Ball 2-1: Swinging Strike 2-2: Ball 3-2: Foul Ball, location: 2F 3-2: Ground out 6-3 (Groundball, 4M, EV 84.4 MPH)
|
| Bottom of the 7th over - 0 runs, 0 hits, 0 errors, 0 left on base; Cincinnati 3 - Milwaukee 2 |
| TOP OF THE 8TH |
|
Cincinnati Reds batting - Pitching for Milwaukee Brewers : LHP Nick Martin
|
|
Pitching: RHP John Owens
|
|
|
Batting: RHB Tony Casas
|
0-0: Called Strike 0-1: Called Strike 0-2: Ball 1-2: Strikes out swinging
|
|
Batting: RHB Omar Quintana
|
0-0: Called Strike 0-1: Foul Ball, location: 2F 0-2: Strikes out swinging
|
|
Batting: RHB Bruno André
|
0-0: Called Strike 0-1: Ball 1-1: Foul Ball, location: 2F 1-2: Ball 2-2: Ball 3-2: Foul Ball, location: 2F 3-2: Foul Ball, location: 2F 3-2: Ground out 5-3 (Groundball, 56, EV 100.6 MPH)
|
| Top of the 8th over - 0 runs, 0 hits, 0 errors, 0 left on base; Cincinnati 3 - Milwaukee 2 |
| BOTTOM OF THE 8TH |
|
Milwaukee Brewers batting - Pitching for Cincinnati Reds : LHP Eddie Grape
|
|
Pitching: RHP Justin Ambrose
|
|
|
Batting: SHB Junzo Kato
|
0-0: Ball 1-0: Ball 2-0: Ball 3-0: Fly out, F3 (Line Drive, 3L, EV 63.8 MPH)
|
|
Batting: SHB Lewis Thorpe Jr.
|
0-0: Ball 1-0: Called Strike 1-1: Ball 2-1: Ball 3-1: Called Strike 3-2: Strikes out swinging
|
|
Batting: RHB Daniel Donovan
|
0-0: Ball 1-0: Ball 2-0: Ball 3-0: Ground out 6-3 (Groundball, 6, EV 98.8 MPH)
|
| Bottom of the 8th over - 0 runs, 0 hits, 0 errors, 0 left on base; Cincinnati 3 - Milwaukee 2 |
| TOP OF THE 9TH |
|
Cincinnati Reds batting - Pitching for Milwaukee Brewers : RHP John Owens
|
|
Batting: RHB Willie Lazcano
|
0-0: Called Strike 0-1: Swinging Strike 0-2: Foul Ball, location: 2F 0-2: Ball 1-2: Foul Ball, location: 2F 1-2: Strikes out swinging
|
|
Batting: SHB Jun Tsuda
|
0-0: Ball 1-0: Called Strike 1-1: Ball 2-1: Foul Ball, location: 2F 2-2: Ball 3-2: Base on Balls
|
|
Batting: LHB Chris Grunwald
|
0-0: Foul Ball, location: 2F 0-1: Ball 1-1: Called Strike 1-2: Strikes out looking
|
|
Batting: SHB Dave Barefoot
|
0-0: Ball 1-0: Ball Jun Tsuda steals 2nd base (no throw) 2-0: Intentional Walk
|
|
Batting: RHB Fred Slade
|
0-0: Called Strike 0-1: Ball 1-1: Ball 2-1: DOUBLE (Line Drive, 7LM, EV 90.6 MPH) Jun Tsuda scores Dave Barefoot to third Runner from 3rd tries for Home, SAFE, no throw by LF
|
|
Batting: RHB Steve Castleberry
|
0-0: Swinging Strike 0-1: Foul Ball, location: 2F 0-2: Ball 1-2: Ball 2-2: Ball 3-2: Foul Ball, location: 2F 3-2: Base on Balls
|
|
Pitching: RHP Javy Uribe
|
|
|
Batting: RHB Tony Casas
|
0-0: Ball 1-0: Ball 2-0: Fly out, F7 (Flyball, 78S, EV 90.6 MPH)
|
| Top of the 9th over - 2 runs, 1 hit, 0 errors, 2 left on base; Cincinnati 5 - Milwaukee 2 |
| BOTTOM OF THE 9TH |
|
Milwaukee Brewers batting - Pitching for Cincinnati Reds : RHP Justin Ambrose
|
|
Pitching: RHP Ryan Terlizzi
|
|
|
Batting: RHB Kisho Ito
|
0-0: Swinging Strike 0-1: Ball 1-1: Foul Ball, location: 2F 1-2: Ball 2-2: Ball 3-2: Base on Balls
|
|
Batting: RHB Ben Campbell
|
0-0: Ball 1-0: Swinging Strike 1-1: Swinging Strike 1-2: Strikes out looking
|
|
Batting: RHB Naofumi Ishida
|
0-0: Ball 1-0: SINGLE (Groundball, 4M, EV 104.4 MPH) Kisho Ito to second
|
|
Batting: RHB Akitada Nishizawa
|
0-0: Called Strike 0-1: SINGLE (Groundball, P, EV 89.4 MPH) (infield hit) Kisho Ito to third Naofumi Ishida to second
|
|
Batting: RHB Joel Haycock
|
0-0: Swinging Strike 0-1: Ball 1-1: Foul Ball, location: 2F 1-2: Ball 2-2: Strikes out swinging
|
|
Batting: LHB Eric Klasek
|
0-0: Called Strike 0-1: Swinging Strike 0-2: Ball 1-2: Strikes out swinging
|
| Bottom of the 9th over - 0 runs, 2 hits, 0 errors, 3 left on base; Cincinnati 5 - Milwaukee 2 |
|